 Dungeon Crawl Stone Soup version 0.22.1-2-g9c5b331 (webtiles) character file.

6431 tognito the Severer (level 10, -1/77 HPs)
             Began as a Minotaur Berserker on Dec 21, 2018.
             Was a High Priest of Trog.
             Killed from afar by an electric eel (13 damage)
             ... with a bolt of electricity
             ... on level 9 of the Dungeon.
             The game lasted 00:23:18 (8639 turns).

tognito the Severer (Minotaur Berserker)            Turns: 8639, Time: 00:23:19

Health: -1/77      AC: 16    Str: 29    XL:     10   Next: 67%
Magic:  8/8        EV:  8    Int:  9    God:    Trog [*****.]
Gold:   469        SH:  0    Dex: 13    Spells: 9/9 levels left

rFire    . . .     SeeInvis .   a - +4 battleaxe (venom)
rCold    . . .     Gourm    .   (shield currently unavailable)
rNeg     . . .     Faith    +   q - +1 plate armour
rPois    .         Spirit   .   s - +1 hat {Int+3}
rElec    .         Reflect  .   x - +0 cloak
rCorr    .         Harm     .   (no gloves)
MR       .....                  (no boots)
Stlth    ..........             g - amulet of faith
HPRegen  0.22/turn              j - +4 ring of strength
MPRegen  0.11/turn              t - +3 ring of dexterity

@: very slow
A: retaliatory headbutt, horns 2, icy blue scales 1, clever 1, low mp 1
a: Berserk, Trog's Hand, Brothers in Arms, Renounce Religion


You were on level 9 of the Dungeon.
You worshipped Trog.
Trog was extremely pleased with you.
You were not hungry.

You visited 1 branch of the dungeon, and saw 9 of its levels.

You collected 469 gold pieces.

Inventory:

Hand Weapons
 a - a +4 battleaxe of venom (weapon)
 b - a +0 shortbow of flaming
Missiles
 k - 108 arrows
 o - 43 bolts
Armour
 q - a +1 plate armour (worn)
 s - a +1 hat of intelligence (worn)
 x - a +0 cloak (worn)
Jewellery
 g - an amulet of faith (around neck)
 j - a +4 ring of strength (left hand)
 t - a +3 ring of dexterity (right hand)
Wands
 f - a wand of digging (12)
 h - a wand of disintegration (10)
 n - a wand of enslavement (12)
 u - a wand of clouds (6)
 E - a wand of polymorph (31)
Scrolls
 d - 9 scrolls of identify
 e - 6 scrolls of teleportation
 l - 2 scrolls of blinking
 r - a scroll of magic mapping
 C - a scroll of enchant weapon
 D - 2 scrolls of enchant armour
Potions
 m - 2 potions of heal wounds
 p - 3 potions of curing
 v - a potion of agility
 w - a potion of might
 z - 2 potions of ambrosia
Comestibles
 c - 21 rations
 B - 5 chunks of flesh


   Skills:
 - Level 3.6 Fighting
 + Level 18.0 Axes
 - Level 0.2 Bows
 - Level 2.4 Armour
 - Level 2.1 Dodging


You had 9 spell levels left.
You didn't know any spells.
Your spell library was empty.

Dungeon Overview and Level Annotations

Branches:
Dungeon (9/15)             Temple (0/1) D:7            Lair (0/6) D:9
    Orc: D:9-12

Altars:
Gozag
Okawaru
Uskayaw
Vehumet
Wu Jian
Zin
The Shining One

Shops:
D:9 }


Innate Abilities, Weirdness & Mutations

You reflexively headbutt those who attack you in melee.
You have a pair of horns on your head.
You are partially covered in icy blue scales. (AC +2)
Your mind is acute. (Int +2)
Your magical capacity is low. (-10% MP)


Message History

The electric eel shoots out a bolt of lightning at you!
The bolt of electricity hits you! x2
The bolt of electricity hits the electric eel.
The electric eel completely resists.
The electric eel shoots out a bolt of lightning at you!
The bolt of electricity misses you. The bolt of electricity hits you!
You enter the shallow water.
Moving in this stuff is going to be slow.
The electric eel shoots out a bolt of lightning at you!
The bolt of electricity hits you!
* * * LOW HITPOINT WARNING * * *
The bolt of electricity hits you!
* * * LOW HITPOINT WARNING * * *
The bolt of electricity hits the electric eel.
The electric eel completely resists.
Your unstable footing causes you to fumble your attack.
Your unstable footing causes you to fumble your attack.
The electric eel shoots out a bolt of lightning at you!
The bolt of electricity hits you!
You die...

# ## #.# #. ..## ##.###
.##..# #....# # ....#
#....### ## ...#
#....... #≈≈ #..#
#....### ≈≈ #..# ##<###
≈≈#≈#≈##.# #.#
≈≈≈≈≈≈;@.# ##.#
#≈≈≈≈≈≈#.# #..#
≈≈≈≈#≈##.#### #.##
≈≈#≈≈≈≈.....# #.#
##≈≈###.....# ##'####
#≈##.......####.....#
..............##.....###
####........#.##.....'..
....>.....#..'.....###


You could see an electric eel.

Vanquished Creatures
  A kobold demonologist (D:9)
  Grinder (D:5)
  A hippogriff (D:8)
  A wyvern (D:9)
  4 yaks (D:9)
  3 steam dragons (D:8)
  A porcupine (D:9)
  2 ice beasts
  A hornet zombie (D:6)
  3 black bears
  2 orc warriors
  2 phantoms
  5 ogres
  2 centaurs
  A crocodile (D:8)
  2 big kobolds (D:9)
  9 bullfrogs
  A gnoll sergeant (D:6)
  A scorpion (D:9)
  13 killer bees
  9 wights
  3 howler monkeys (D:8)
  A centaur zombie (D:6)
  3 crimson imps
  4 orc priests
  2 bullfrog skeletons
  A hound (D:5)
  3 jellies
  3 orc wizards
  3 iguanas
  7 worker ants
  A statue (D:4)
  A hound zombie (D:7)
  2 hound skeletons
  A worker ant zombie (D:6)
  A howler monkey zombie (D:5)
  5 gnolls (D:6)
  2 howler monkey skeletons
  12 adders
  3 shadow imps
  2 adder skeletons
  2 adder zombies
  A worm (D:2)
  3 dart slugs
  7 leopard geckos
  23 orcs
  10 bats
  7 giant cockroaches
  7 goblins
  6 hobgoblins
  14 jackals
  3 quokkas
  2 ball pythons
  3 frilled lizards
  A jackal skeleton (D:7)
  8 kobolds
  A leopard gecko zombie (D:6)
  A quokka zombie (D:9)
  11 rats
235 creatures vanquished.

Vanquished Creatures (others)
  14 fungi (D:9)
  5 plants (D:9)
19 creatures vanquished.

Grand Total: 254 creatures vanquished

Notes
Turn   | Place    | Note
-------+----------+-------------------------------------------
     0 | D:1      | tognito the Minotaur Berserker began the quest for the Orb.
     0 | D:1      | Reached XP level 1. HP: 19/19 MP: 0/0
   171 | D:1      | Reached skill level 4 in Axes
   428 | D:1      | Reached XP level 2. HP: 25/26 MP: 1/1
   481 | D:1      | Gained mutation: Your mind is acute. (Int +2) [potion of
                  | mutation]
   481 | D:1      | Gained mutation: You are partially covered in icy blue
                  | scales. (AC +2) [potion of mutation]
   729 | D:1      | Reached ** piety under Trog
   729 | D:1      | Reached skill level 5 in Axes
   814 | D:2      | Reached XP level 3. HP: 28/31 MP: 2/2
  1001 | D:2      | Reached skill level 6 in Axes
  1001 | D:2      | Reached XP level 4. HP: 37/39 MP: 3/3
  1262 | D:2      | Found a glowing golden altar of the Shining One.
  1404 | D:3      | Reached skill level 7 in Axes
  1404 | D:3      | Reached XP level 5. HP: 37/45 MP: 4/4
  1979 | D:3      | Reached *** piety under Trog
  2119 | D:3      | Reached skill level 8 in Axes
  2412 | D:4      | Reached XP level 6. HP: 41/51 MP: 5/5
  2484 | D:4      | HP: 2/51 [ogre/giant spiked club (9)]
  2486 | D:4      | Reached skill level 9 in Axes
  2991 | D:4      | Reached XP level 7. HP: 57/57 MP: 6/6
  3118 | D:4      | You fall through a shaft!
  3118 | D:5      | Entered Level 5 of the Dungeon
  3241 | D:4      | Found a radiant altar of Vehumet.
  3372 | D:4      | Reached skill level 10 in Axes
  3397 | D:4      | Found an iron altar of Okawaru.
  3397 | D:4      | Found an ornate altar of the Wu Jian Council.
  3571 | D:5      | Found a hide-covered altar of Uskayaw.
  3571 | D:5      | Noticed a hand axe
  3571 | D:5      | Noticed a hand axe
  3842 | D:5      | Reached **** piety under Trog
  3864 | D:5      | Reached skill level 11 in Axes
  4209 | D:5      | Noticed Grinder
  4216 | D:5      | Killed Grinder
  4216 | D:5      | Reached XP level 8. HP: 42/64 MP: 7/7
  4326 | D:6      | Reached skill level 12 in Axes
  4989 | D:6      | Reached skill level 13 in Axes
  5202 | D:6      | Found an opulent altar of Gozag.
  5370 | D:6      | Reached XP level 9. HP: 61/70 MP: 8/8
  5590 | D:7      | Reached skill level 14 in Axes
  5604 | D:7      | Reached ***** piety under Trog
  5694 | D:7      | Found a glowing silver altar of Zin.
  6211 | D:7      | Reached skill level 15 in Axes
  6260 | D:7      | Found a staircase to the Ecumenical Temple.
  6750 | D:8      | Reached skill level 16 in Axes
  7272 | D:8      | Reached XP level 10. HP: 50/77 MP: 9/9
  7810 | D:9      | Received a gift from Trog
  8137 | D:9      | Reached skill level 17 in Axes
  8185 | D:9      | Gained mutation: Your magical capacity is low. (-10% MP) [a
                  | neqoxec]
  8189 | D:9      | Found a staircase to the Lair.
  8364 | D:9      | Reached skill level 18 in Axes
  8552 | D:9      | Found Rageumoq's Gadget Shoppe.
  8639 | D:9      | Killed from afar by an electric eel

Skill      XL: |  1  2  3  4  5  6  7  8  9 10 |
---------------+-------------------------------+-----
Axes           | 4 5 6 7 8 9 11 13 16 18 | 18.0
Fighting       | |  3.6
Bows           | |  0.2
Armour         | |  2.4
Dodging        | |  2.1

Action                   |  1- 3 |  4- 6 |  7- 9 | 10-12 || total
-------------------------+-------+-------+-------+-------++-------
Melee: Hand axe          |    87 |   153 |    87 |       ||   327
       Headbutt          |     9 |    23 |    60 |    13 ||   105
       War axe           |       |       |    96 |       ||    96
       Battleaxe         |       |       |    56 |    77 ||   133
 Fire: Shortbow          |       |       |    33 |    28 ||    61
Invok: Berserk           |       |     1 |     1 |       ||     2
  Use: Potion            |     4 |     3 |     3 |       ||    10
       Scroll            |       |     8 |     7 |     5 ||    20
  Eat: Chunk             |       |     8 |    13 |     2 ||    23
       Ration            |       |       |       |     1 ||     1
Armor: Animal skin       |    13 |       |       |       ||    13
       Chain mail        |    18 |    69 |    56 |       ||   143
       Skin              |     8 |       |       |       ||     8
       Plate armour      |       |       |    61 |    41 ||   102
Dodge: Dodged            |    53 |    67 |    96 |    40 ||   256
